 Dungeon Crawl Stone Soup version 0.21.1-1-g345015fe64 (webtiles) character file.

460 Lennu the Stinger (level 7, -3/60 HPs)
             Began as a Naga Venom Mage on May 23, 2018.
             Slain by an ice beast (9 damage)
             ... on level 5 of the Dungeon.
             The game lasted 00:16:08 (4594 turns).

Lennu the Stinger (Naga Venom Mage)                 Turns: 4594, Time: 00:16:08

Health: -3/60      AC:  7    Str:  9    XL:     7   Next: 7%
Magic:  0/11       EV: 10    Int: 15    God:
Gold:   252        SH:  6    Dex: 13    Spells: 10/11 levels left

rFire    . . .     SeeInvis +   e - +1 short sword
rCold    . . .     Gourm    .   h - +0 shield
rNeg     . . .     Faith    .   f - +0 robe
rPois    +         Spirit   +   i - +1 helmet
rElec    .         Reflect  .   g - +0 cloak
rCorr    .         Harm     .   l - +0 pair of gloves
MR       +....     Clarity  +   (no barding)
Stlth    +++.......             p - amulet of guardian spirit
HPRegen  0.20/turn              (no ring)
MPRegen  0.12/turn              (no ring)

@: flying, very slightly contaminated, very slow
A: large, repulsion field 1, see invisible, clarity, deformed body, magic
resistance 1, poison resistance, slowness 2, slow metabolism 1, spit poison 1,
weak 1, AC +2
a: Spit Poison


You were on level 5 of the Dungeon.
You were not hungry.

You visited 1 branch of the dungeon, and saw 5 of its levels.

You collected 252 gold pieces.

Inventory:

Hand Weapons
 e - a +1 short sword (weapon)
Armour
 f - a +0 robe (worn)
 g - a +0 cloak (worn)
 h - a +0 shield (worn)
 i - a +1 helmet (worn)
 l - a +0 pair of gloves (worn)
Jewellery
 p - an amulet of guardian spirit (around neck)
Scrolls
 a - a scroll of fog
 d - a scroll of identify
 o - a scroll of teleportation
Potions
 m - 2 potions of curing {unknown}
 n - a potion of heal wounds {unknown}
Books
 b - a Young Poisoner's Handbook

   Spells                             Type                      Level
   a - Sting                          Conjuration/Poison           1
   b - Poisonous Vapours              Poison/Air                   2
   c - Mephitic Cloud                 Conjuration/Poison/Air       3
   d - Olgreb's Toxic Radiance        Poison                       4
   e - Venom Bolt                     Conjuration/Poison           5
 k - a book of Necromancy

   Spells                             Type                      Level
   a - Pain                           Necromancy                   1
   b - Animate Skeleton               Necromancy                   1
   c - Vampiric Draining              Necromancy                   3
   d - Regeneration                   Charms/Necromancy            3
   e - Animate Dead                   Necromancy                   4
   f - Borgnjor's Vile Clutch         Necromancy/Earth             5
Comestibles
 c - 5 rations
 q - 3 chunks of flesh


   Skills:
 * Level 2.2 Fighting
 + Level 1.8 Short Blades
 * Level 1.6 Armour
 * Level 2.8 Dodging
 * Level 4.3 Stealth
 * Level 0.7 Shields
 + Level 0.2 Unarmed Combat
 * Level 2.9 Spellcasting
 + Level 1.6 Conjurations
 * Level 5.6 Poison Magic


You had 10 spell levels left.
You knew the following spells:

 Your Spells              Type           Power        Failure   Level  Hunger
a - Sting                 Conj/Pois      ##..         26%         1    #......


Dungeon Overview and Level Annotations

Branches:
Dungeon (5/15)
 Temple: D:4-7

Altars:
Dithmenos
Qazlal
Zin
The Shining One


Innate Abilities, Weirdness & Mutations

You cannot wear boots.
Your serpentine skin is tough. (AC +2)
You have supernaturally acute eyesight. (SInv)
Armour fits poorly on your strangely shaped body.
Your system is resistant to poisons. (rPois)
You cover ground very slowly.
You have a slow metabolism.
You can spit poison.
You are surrounded by a mild repulsion field. (EV +2)
You possess an exceptional clarity of mind.
You are resistant to hostile enchantments. (MR+)
You are weak. (Str -2)


Message History

You miscast Sting.
You feel weak for a moment. The ice beast hits you. The ice beast freezes you.
You hit the ice beast but do no damage.
The ice beast is lightly wounded.
You have got your breath back.
You block the ice beast's attack.
Your shield prevents you from hitting the ice beast.
The ice beast is lightly wounded.
The ice beast hits you but does no damage.
You closely miss the ice beast.
The ice beast is lightly wounded.
The ice beast looks more healthy.
The ice beast hits you. The ice beast freezes you!
* * * LOW HITPOINT WARNING * * *
It was a potion of flight.
You feel very buoyant.
You fly up into the air.
The ice beast hits you.
* * * LOW HITPOINT WARNING * * *
The ice beast freezes you!
You die...

# #. #### #.. ..#
.##..# #Y# ......
#@# #.
#....###(####...
####...............
.......##.##.......
##.#..........(....
##........##........
#..#................
###
#..........(........
..#
#.#.#......#........


You could see an ice beast.

Vanquished Creatures
  Sigmund (D:3)
  A phantom (D:4)
  A bullfrog skeleton (D:5)
  Jessica (D:2)
  A worker ant (D:4)
  A hound skeleton (D:5)
  4 adders
  A dart slug (D:1)
  4 leopard geckos
  7 orcs (D:3)
  A ball python (D:4)
  6 bats
  5 giant cockroaches
  8 goblins
  9 hobgoblins
  4 jackals (D:2)
  A quokka (D:2)
  3 frilled lizards
  7 kobolds
  9 rats
75 creatures vanquished.

Notes
Turn   | Place    | Note
-------+----------+-------------------------------------------
     0 | D:1      | Lennu the Naga Venom Mage began the quest for the Orb.
     0 | D:1      | Reached XP level 1. HP: 15/15 MP: 3/3
   453 | D:1      | Reached XP level 2. HP: 22/22 MP: 3/5
  1201 | D:1      | Gained mutation: You are resistant to hostile enchantments. (MR+) [potion of mutation]
  1201 | D:1      | Gained mutation: You are surrounded by a mild repulsion field. (EV +2) [potion of mutation]
  1201 | D:1      | Gained mutation: You are weak. (Str -2) [potion of mutation]
  1201 | D:1      | Gained mutation: You possess an exceptional clarity of mind. [potion of mutation]
  1580 | D:2      | Noticed Jessica
  1581 | D:2      | Reached XP level 3. HP: 28/28 MP: 6/6
  1586 | D:2      | Killed Jessica
  1821 | D:2      | Reached skill level 5 in Poison Magic
  1859 | D:2      | Reached XP level 4. HP: 37/37 MP: 2/7
  2216 | D:2      | Reached skill level 1 in Fighting
  2297 | D:2      | Found a glowing silver altar of Zin.
  2801 | D:3      | Noticed Sigmund
  2815 | D:3      | Killed Sigmund
  2815 | D:3      | Reached skill level 1 in Short Blades
  2815 | D:3      | Reached skill level 1 in Armour
  2815 | D:3      | Reached XP level 5. HP: 33/45 MP: 1/9
  2815 | D:3      | Reached XP level 6. HP: 38/52 MP: 1/10
  3813 | D:4      | Noticed a phantom
  3878 | D:4      | Killed a phantom
  4125 | D:4      | Found a stormy altar of Qazlal.
  4138 | D:4      | Found a shadowy altar of Dithmenos.
  4357 | D:4      | Found a glowing golden altar of the Shining One.
  4386 | D:5      | Entered Level 5 of the Dungeon
  4437 | D:5      | Reached XP level 7. HP: 48/60 MP: 8/11
  4594 | D:5      | Slain by an ice beast

Skill      XL: |  1  2  3  4  5  6 |
---------------+-------------------+-----
Dodging        | 2 |  2.8
Poison Magic   | 5 |  5.6
Fighting       | 1 2 |  2.2
Short Blades   | 1 |  1.8
Armour         | 1 |  1.6
Stealth        | 4 |  4.3
Shields        | |  0.7
Unarmed Combat | |  0.2
Spellcasting   | |  2.9
Conjurations   | |  1.6

Action                   |  1- 3 |  4- 6 |  7- 9 || total
-------------------------+-------+-------+-------++-------
Melee: Unarmed           |    34 |       |       ||    34
       Short sword       |    33 |   203 |    32 ||   268
 Cast: Sting             |    44 |    20 |     5 ||    69
 Abil: Spit Poison       |       |     2 |     2 ||     4
  Use: Scroll            |     4 |     3 |       ||     7
       Potion            |     1 |       |     1 ||     2
 Stab: Sleeping          |     2 |     8 |       ||    10
  Eat: Chunk             |     2 |     2 |       ||     4
       Ration            |       |     2 |       ||     2
Armor: Robe              |    18 |    64 |    14 ||    96
Dodge: Dodged            |    52 |    80 |    10 ||   142
Block: Shield            |       |    56 |    14 ||    70
